 Dungeon Crawl Stone Soup version 0.16-a0-3699-g1c51eb1 (webtiles) character file.

3675 dysrexia the Fighter (level 9, 0/91 (93) HPs)
             Began as a Minotaur Gladiator on Jan 19, 2015.
             Was a Priest of Okawaru.
             Killed from afar by an orc wizard (1 damage)
             ... with a puff of flame
             ... on level 8 of the Dungeon.
             The game lasted 00:29:35 (8770 turns).

dysrexia the Fighter (Minotaur Gladiator)           Turns: 8770, Time: 00:29:35

HP:   0/91 (93)     AC:  6    Str: 21    XL:     9   Next: 89%
MP:   13/13         EV: 12    Int:  7    God:    Okawaru [***...]
Gold: 371           SH:  0    Dex: 13    Spells: 0 memorised, 8 levels left

rFire  . . .     SeeInvis .     A - +0 great sword
rCold  . . .     Clarity  .     t - +0 ring mail
rNeg   . . .     SustAb   .     (no shield)
rPois  .         Gourm    .     c - +1 hat
rElec  .         Spirit   .     (no cloak)
rCorr  .         Warding  .     (no gloves)
rMut   .         Stasis   .     (no boots)
MR     .....                    (no amulet)
Stlth  +.........               (no ring)
                                s - ring of magical power

@: not resistant to hostile enchantments, very unstealthy
A: retaliatory headbutt, horns 2, clever 1
a: Heroism, Renounce Religion


You were on level 8 of the Dungeon.
You worshipped Okawaru.
Okawaru was most pleased with you.
You were not hungry.

You visited 2 branches of the dungeon, and saw 9 of its levels.

You collected 371 gold pieces.

Inventory:

Hand weapons
 j - the +3 hand crossbow of Wyrd {flame, rN+}
   (You found it on level 5 of the Dungeon)

   It turns projectiles fired from it into bolts of flame.
   It protects you from negative energy.
 A - a +0 great sword (weapon)
Missiles
 d - 4 throwing nets (quivered)
 u - 21 bolts
Armour
 b - a +0 leather armour
 c - a +1 hat (worn)
 t - a +0 ring mail (worn)
 x - a +0 chain mail
Jewellery
 s - a ring of magical power (left hand)
Magical devices
 a - a wand of teleportation (4)
 l - a wand of disintegration (13)
 r - a wand of enslavement (14)
Scrolls
 e - 2 scrolls of identify
 i - 4 scrolls of teleportation
 n - 3 scrolls of remove curse
 y - a scroll of noise {unknown}
Potions
 p - a potion of restore abilities
 q - 2 potions of brilliance
 v - a potion of might
Books
 o - a book of Flames

   Spells                             Type                      Level
   a - Flame Tongue                   Conjuration/Fire             1
   b - Throw Flame                    Conjuration/Fire             2
   c - Conjure Flame                  Conjuration/Fire             3
   d - Inner Flame                    Hexes/Fire                   3
   e - Sticky Flame                   Conjuration/Fire             4
   f - Fireball                       Conjuration/Fire             5
 w - a book of Callings

   Spells                             Type                      Level
   a - Summon Small Mammal            Summoning                    1
   b - Call Imp                       Summoning                    2
   c - Call Canine Familiar           Summoning                    3
   d - Summon Guardian Golem          Hexes/Summoning              4
   e - Summon Lightning Spire         Summoning/Air                4
   f - Summon Ice Beast               Ice/Summoning                4
Comestibles
 f - 5 bread rations
 g - 2 meat rations
 h - 13 chunks of flesh
 k - a royal jelly
 m - 3 fruits


   Skills:
 - Level 13.0 Fighting
 * Level 11.0 Long Blades
 - Level 2.0 Throwing
 + Level 0.0 Armour
 + Level 3.2 Dodging


You had 8 spell levels left.
You didn't know any spells.

Dungeon Overview and Level Annotations

Branches:
Dungeon (8/15)             Temple (1/1) D:4
   Lair: D:8-11

Altars:
Ashenzari
Cheibriados
Fedhas
Gozag
Kikubaaqudgha
Makhleb
Nemelex Xobeh
Okawaru
Qazlal
Sif Muna
Trog
Vehumet
Xom
Yredelemnul
Zin
The Shining One


Innate Abilities, Weirdness & Mutations

You reflexively headbutt those who attack you in melee.
You have a pair of horns on your head.
Your mind is acute. (Int +2)


Message History

You closely miss the orc warrior.
The orc warrior is heavily wounded.
Something hits you but does no damage.
The orc warrior hits you with a glaive!!
* * * LOW HITPOINT WARNING * * *
Something hits you but does no damage.
The orc warrior hits you from afar with a glaive!
* * * LOW HITPOINT WARNING * * *
You see here a tomahawk.
You see here a tomahawk.
You hear some strange, mumbled words.
A puff of flame appears from out of thin air!
The puff of flame hits you!
* * * LOW HITPOINT WARNING * * *
The orc warrior throws a tomahawk.
The tomahawk hits you!
* * * LOW HITPOINT WARNING * * *
You hear some strange, mumbled words.
A puff of flame appears from out of thin air!
The puff of flame hits you!
You die...

##......#####..............
#........##....###..######.
............##.# (...#
..........####o##....#
..........# #(##....#
........## #(o##...o
#......## ##.###.#oC
####### #.# .### #@# . #.#
#.# #รท# #...# ...## ...##
.##.# .. #.#


You could see an orc warrior and an orc.

Vanquished Creatures
  Pikel (D:7)
  Grinder (D:4)
  Eustachio (D:4)
  Edmund (D:7)
  4 orc warriors
  A sky beast (D:6)
  A black bear (D:6)
  2 slaves (D:7)
  An ogre (D:3)
  The ghost of Gorice the Slasher, an average DgWn (D:4)
  A necrophage (D:7)
  A centaur (D:7)
  Sigmund (D:7)
  A big kobold (D:7)
  Duvessa (D:4)
  2 giant frogs
  3 scorpions
  A wyvern skeleton (D:7)
  4 wights (D:7)
  Dowan (D:4)
  A crimson imp (D:5)
  13 orc wizards
  2 hounds
  An orc priest (D:4)
  A giant frog skeleton (D:4)
  Natasha (thrice) (D:3)
  6 worker ants
  An iguana (D:7)
  Ijyb (D:4)
  A worker ant zombie (D:5)
  15 adders
  10 gnolls
  2 giant mites
  2 worms
  An adder skeleton (D:7)
  2 giant geckos
  30 orcs
  19 bats
  A bat skeleton (D:4)
  A bat zombie (D:5)
  6 giant cockroaches
  7 hobgoblins
  8 jackals
  3 oozes
  2 quokkas
  3 ball pythons
  A giant gecko skeleton (D:4)
  5 giant newts
  10 goblins
  15 kobolds
  A quokka skeleton (D:4)
  A quokka zombie (D:6)
  17 rats
222 creatures vanquished.

Notes
Turn   | Place    | Note
--------------------------------------------------------------
     0 | D:1      | dysrexia, the Minotaur Gladiator, began the quest for the Orb.
     0 | D:1      | Reached XP level 1. HP: 18/18 MP: 1/1
   158 | D:1      | Reached skill level 4 in Long Blades
   225 | D:1      | You fall through a shaft!
   263 | D:2      | Reached XP level 2. HP: 25/25 MP: 1/1
   326 | D:2      | Reached skill level 5 in Long Blades
   556 | D:2      | Found a stormy altar of Qazlal.
   634 | D:2      | Reached XP level 3. HP: 27/30 MP: 2/2
   648 | D:2      | Found a burning altar of Makhleb.
   648 | D:2      | Noticed an Executioner
  1288 | D:2      | Found a basalt altar of Yredelemnul.
  1409 | D:2      | Found a bloodstained altar of Trog.
  1614 | D:2      | Reached XP level 4. HP: 35/37 MP: 2/2
  1695 | D:2      | Reached skill level 6 in Long Blades
  2352 | D:3      | Noticed an ogre
  2357 | D:3      | Killed an ogre
  2357 | D:3      | Reached skill level 7 in Long Blades
  2357 | D:3      | Reached XP level 5. HP: 42/42 MP: 2/2
  2622 | D:3      | Noticed Natasha
  2632 | D:3      | Killed Natasha
  2632 | D:3      | Reached skill level 8 in Long Blades
  2634 | D:3      | Reached XP level 6. HP: 46/50 MP: 3/3
  2827 | D:3      | Noticed Natasha
  2833 | D:3      | Killed Natasha
  3141 | D:3      | Noticed Natasha
  3147 | D:3      | Killed Natasha
  3190 | D:3      | Found a sparkling altar of Nemelex Xobeh.
  3422 | D:3      | Gained mutation: Your mind is acute. (Int +2) [potion of mutation]
  3422 | D:3      | Gained mutation: You are frail (-10% HP). [potion of mutation]
  3422 | D:3      | Lost mutation: You are frail (-10% HP). [potion of mutation]
  3485 | D:4      | Found a staircase to the Ecumenical Temple.
  3506 | Temple   | Entered the Ecumenical Temple
  3532 | Temple   | Became a worshipper of Warmaster Okawaru
  3548 | D:4      | Noticed Grinder
  3548 | D:4      | Noticed Eustachio
  3572 | D:4      | Killed Grinder
  3572 | D:4      | Reached skill level 9 in Long Blades
  3572 | D:4      | Reached XP level 7. HP: 24/56 MP: 3/3
  3591 | D:4      | Killed Eustachio
  3591 | D:4      | Acquired Okawaru's first power
  3591 | D:4      | Reached skill level 10 in Long Blades
  3839 | D:4      | Noticed Ijyb
  3845 | D:4      | Killed Ijyb
  3950 | D:4      | Noticed Dowan
  3951 | D:4      | Noticed Duvessa
  3994 | D:4      | Killed Duvessa
  4001 | D:4      | Killed Dowan
  4268 | D:4      | Reached skill level 11 in Long Blades
  4483 | D:4      | Noticed Gorice's ghost (average DgWn)
  4563 | D:4      | Killed Gorice's ghost
  4718 | D:4      | Reached XP level 8. HP: 66/66 MP: 3/3
  5100 | D:4      | Reached skill level 5 in Fighting
  5469 | D:5      | Entered Level 5 of the Dungeon
  5473 | D:5      | Got a crude hand crossbow
  5474 | D:5      | Identified the cursed +3 hand crossbow of Wyrd {flame, rN+} (You found it on level 5 of the Dungeon)
  6795 | D:6      | Found an iron altar of Okawaru.
  7668 | D:7      | Reached XP level 9. HP: 76/85 MP: 4/4
  7789 | D:7      | Reached skill level 10 in Fighting
  8151 | D:7      | Noticed Sigmund
  8203 | D:7      | Killed Sigmund
  8389 | D:7      | Noticed Edmund
  8401 | D:7      | Killed Edmund
  8431 | D:7      | Reached skill level 12 in Fighting
  8647 | D:7      | Noticed Pikel
  8650 | D:7      | Killed Pikel
  8650 | D:7      | Reached skill level 13 in Fighting
  8744 | D:8      | Noticed a hill giant
  8770 | D:8      | HP: 1/91 [orc warrior/tomahawk (11)]
  8770 | D:8      | Killed from afar by an orc wizard

Action                   |  1- 3 |  4- 6 |  7- 9 || total
-------------------------+-------+-------+-------++-------
Melee: Long sword        |    79 |   126 |   314 ||   519
       Great sword       |       |       |   111 ||   111
 Fire: Hand crossbow     |       |       |     3 ||     3
Throw: Throwing net      |       |     1 |       ||     1
Invok: Heroism           |       |       |     3 ||     3
  Use: Scroll            |       |    12 |     9 ||    21
       Potion            |       |     1 |     4 ||     5
  Eat: Chunk             |     2 |     6 |    15 ||    23
       Pizza             |       |       |     1 ||     1
       Beef jerky        |       |       |     1 ||     1
